 Dungeon Crawl Stone Soup version 0.21-a0-404-g291f19a (webtiles) character file.

2923 Jorbantar the Fighter (level 9, -15/101 HPs)
             Began as an Ogre Arcane Marksman on Oct 28, 2017.
             Was a Follower of Okawaru.
             Demolished by Jorbantar's ghost (28 damage)
             ... on level 7 of the Dungeon.
             The game lasted 00:29:47 (10183 turns).

Jorbantar the Fighter (Ogre Arcane Marksman)       Turns: 10183, Time: 00:29:47

Health: -15/101    AC:  8    Str: 16    XL:     9   Next: 79%
Magic:  10/10      EV: 10    Int: 17    God:    Okawaru [*.....]
Gold:   311        SH:  0    Dex:  9    Spells: 9/10 levels left

rFire    + . .     SeeInvis .   v - +0 giant spiked club
rCold    + + .     Gourm    .   (shield currently unavailable)
rNeg     . . .     Faith    .   y - +2 robe {MR+}
rPois    +         Spirit   .   (helmet restricted)
rElec    +         Reflect  .   (no cloak)
rCorr    +         Harm     +   (gloves unavailable)
MR       +....     Rnd*Tele +   (boots unavailable)
Stlth    ++........             e - amulet of harm
HPRegen  0.26/turn              j - +3 ring of protection
MPRegen  0.12/turn              A - ring of stealth

@: resistant
A: unfitting armour, cold resistance 1, teleportitis 1, tough skin 1
a: Heroism, Renounce Religion


You were on level 7 of the Dungeon.
You worshipped Okawaru.
Okawaru was aware of your devotion.
You were not hungry.

You visited 2 branches of the dungeon, and saw 10 of its levels.

You collected 311 gold pieces.

Inventory:

Hand Weapons
 h - a +0 whip
 v - a +0 giant spiked club (weapon)
Missiles
 k - 166 stones (quivered)
 n - 2 throwing nets
Armour
 a - a +0 robe
 m - a +0 shield
 y - a +2 robe of magic resistance (worn)
Jewellery
 e - an amulet of harm (around neck)
 j - a +3 ring of protection (left hand)
 t - an uncursed amulet of magic regeneration
 x - an uncursed amulet of the gourmand
 A - a ring of stealth (right hand)
 D - an uncursed amulet of faith {unknown}
 H - a cursed -6 ring of intelligence {unknown}
Wands
 z - a wand of polymorph (12/24)
 C - a wand of polymorph (16/24)
 F - a wand of digging (13/24)
Scrolls
 u - a scroll of magic mapping
 w - a scroll of recharging
 B - a scroll of amnesia
 G - 4 scrolls of identify
 I - a scroll of teleportation
 J - a scroll of fear {unknown}
Potions
 d - a potion of lignification {unknown}
 g - 3 potions of mutation
 l - a potion of berserk rage {unknown}
 s - 2 potions of flight {unknown}
 E - 3 potions of degeneration {unknown}
Books
 b - a book of Debilitation

   Spells                             Type                      Level
   a - Corona                         Hexes                        1
   b - Slow                           Hexes                        2
   c - Inner Flame                    Hexes/Fire                   3
   d - Portal Projectile              Hexes/Translocation          3
   e - Cause Fear                     Hexes                        4
   f - Leda's Liquefaction            Hexes/Earth                  4
Comestibles
 f - 6 bread rations
 p - 3 meat rations
 K - 2 chunks of flesh


   Skills:
 + Level 10.0 Fighting
 * Level 9.7 Maces & Flails
 - Level 2.0 Throwing
 - Level 1.7 Dodging
 - Level 1.2 Spellcasting
 - Level 3.0 Hexes


You had 9 spell levels left.
You knew the following spells:

 Your Spells              Type           Power        Failure   Level  Hunger
a - Corona                Hex            ##.....      6%          1    ##.....


Dungeon Overview and Level Annotations

Branches:
Dungeon (9/15)             Temple (1/1) D:6            Lair (0/6) D:9
    Orc: D:9-12

Altars:
Ashenzari
Cheibriados
Dithmenos
Elyvilon
Fedhas
Gozag
Hepliaklqana
Kikubaaqudgha
Nemelex Xobeh
Okawaru
Qazlal
Sif Muna
Trog
Uskayaw
Xom

Shops:
D:4 =

Annotations:
D:4 nReaper's ghost, amateur DsAK
D:5 1 runed door
D:7 Jorbantar's ghost, novice TrMo


Innate Abilities, Weirdness & Mutations

You are too large for most types of armour.
You have tough skin. (AC +1)
Your flesh is cold resistant. (rC+)
You are occasionally teleported next to monsters.


Message History

* * * LOW HITPOINT WARNING * * *
You sock Jorbantar's ghost!
Jorbantar's ghost is lightly damaged.
You feel sick. Jorbantar's ghost hits you.
* * * LOW HITPOINT WARNING * * *
You sock Jorbantar's ghost!
Jorbantar's ghost is moderately damaged.
Jorbantar's ghost closely misses you.
You hit Jorbantar's ghost.
Jorbantar's ghost is moderately damaged.
You feel sick. Jorbantar's ghost barely misses you.
You impale Jorbantar's ghost!!
Jorbantar's ghost is severely damaged.
You feel yourself slow down.
You barely miss Jorbantar's ghost.
Jorbantar's ghost is severely damaged.
Jorbantar's ghost barely misses you. Jorbantar's ghost hits you!
* * * LOW HITPOINT WARNING * * *
You feel better. Jorbantar's ghost hits you!!
You die...

#.....'.>.....#
#.#
#######.......#
#.#
#.......#######.#
###.)...........#
#.....#######.#
#.....# #.#
#####.# #.# #)#
#.# #@# #.# #W#
#.# #.# #.# #(#
#.# #.# #.# #.#
#.# ## #(# #.# #y
..# #.# #y #.#


You could see Jorbantar's ghost.

Vanquished Creatures
  The ghost of CasualChangeling the Archer, a novice TeHu (D:5)
  Grinder (D:6)
  A spriggan (D:7)
  A basilisk (D:9)
  Menkaure (D:5)
  An orc warrior (D:7)
  A sky beast (D:6)
  2 ogres
  A centaur (D:6)
  5 bullfrogs
  A scorpion (D:6)
  6 killer bees (D:7)
  A howler monkey (D:5)
  2 crimson imps
  A quasit (D:6)
  3 hounds
  4 orc priests (D:7)
  2 orc wizards
  A bullfrog skeleton (D:5)
  Natasha (thrice) (D:2 D:3)
  Terence (D:2)
  An iguana (D:4)
  4 worker ants
  A hound skeleton (D:4)
  Robin (D:3)
  4 gnolls
  8 adders
  2 oozes
  An adder skeleton (D:9)
  An adder zombie (D:6)
  2 worms (D:3)
  3 dart slugs
  7 leopard geckos
  13 orcs
  3 ball pythons
  8 bats
  6 giant cockroaches
  13 goblins
  6 hobgoblins
  9 jackals
  7 kobolds
  2 quokkas
  3 frilled lizards
  A quokka skeleton (D:6)
  A quokka zombie (D:8)
  2 rats
149 creatures vanquished.

Vanquished Creatures (others)
  5 fungi (D:9)
  10 plants (D:9)
15 creatures vanquished.

Grand Total: 164 creatures vanquished

Notes
Turn   | Place    | Note
-------+----------+-------------------------------------------
     0 | D:1      | Jorbantar the Ogre Arcane Marksman began the quest for the Orb.
     0 | D:1      | Reached XP level 1. HP: 19/19 MP: 2/2
   369 | D:1      | Reached skill level 2 in Fighting
   369 | D:1      | Reached XP level 2. HP: 8/28 MP: 1/3
  1088 | D:1      | Reached skill level 1 in Maces & Flails
  1104 | D:1      | Reached XP level 3. HP: 28/36 MP: 4/4
  1624 | D:2      | Found a blossoming altar of Fedhas.
  1627 | D:2      | Noticed Terence
  1660 | D:2      | Killed Terence
  1660 | D:2      | Reached skill level 3 in Fighting
  1660 | D:2      | Reached XP level 4. HP: 20/45 MP: 3/5
  1857 | D:2      | Found a stormy altar of Qazlal.
  1891 | D:2      | Noticed Natasha
  1901 | D:2      | Killed Natasha
  2373 | D:3      | Reached XP level 5. HP: 21/54 MP: 6/6
  2567 | D:3      | Noticed Natasha
  2582 | D:3      | Killed Natasha
  2582 | D:3      | Reached skill level 4 in Fighting
  2627 | D:3      | Noticed Natasha
  2787 | D:3      | Killed Natasha
  2794 | D:3      | Noticed Robin
  2801 | D:3      | Killed Robin
  2902 | D:3      | Found a sparkling altar of Nemelex Xobeh.
  3237 | D:3      | Found a shattered altar of Ashenzari.
  3372 | D:3      | Found a deep blue altar of Sif Muna.
  3625 | D:3      | Reached XP level 6. HP: 62/65 MP: 4/7
  3935 | D:4      | Reached skill level 5 in Fighting
  4212 | D:4      | Found Fips's Jewellery Shop.
  4223 | D:4      | Noticed nReaper's ghost (amateur DsAK)
  4258 | D:3      | Reached XP level 7. HP: 7/72 MP: 6/8
  4752 | D:4      | Reached skill level 5 in Maces & Flails
  6167 | D:4      | Reached skill level 6 in Fighting
  6347 | D:5      | Entered Level 5 of the Dungeon
  6347 | D:5      | Found a shimmering altar of Xom.
  6364 | D:5      | Noticed CasualChangeling's ghost (novice TeHu)
  6366 | D:5      | Noticed Menkaure
  6738 | D:5      | Killed CasualChangeling's ghost
  6738 | D:5      | Reached skill level 7 in Fighting
  6738 | D:5      | Reached XP level 8. HP: 67/87 MP: 6/9
  7016 | D:5      | Killed Menkaure
  7160 | D:5      | Found a bloodstained altar of Trog.
  7624 | D:5      | Found a runed door.
  8013 | D:6      | Reached skill level 8 in Fighting
  8365 | D:6      | Noticed Grinder
  8368 | D:6      | Killed Grinder
  8368 | D:6      | Reached XP level 9. HP: 97/97 MP: 10/10
  8430 | D:6      | Found a staircase to the Ecumenical Temple.
  8475 | Temple   | Entered the Ecumenical Temple
  8519 | Temple   | Became a worshipper of Warmaster Okawaru
  8863 | D:6      | Reached skill level 9 in Fighting
  8924 | D:6      | You fall through a shaft for 3 floors!
  8924 | D:9      | Found a staircase to the Lair.
  8924 | D:9      | Noticed a troll
  9327 | D:7      | Noticed Jorbantar's ghost (novice TrMo)
 10133 | D:7      | Reached * piety under Okawaru
 10154 | D:7      | Gained mutation: You are occasionally teleported next to monsters. [potion of mutation]
 10154 | D:7      | Gained mutation: Your flesh is cold resistant. (rC+) [potion of mutation]
 10159 | D:7      | Reached skill level 10 in Fighting
 10182 | D:7      | HP: 5/101 [Jorbantar's ghost (16)]
 10183 | D:7      | Demolished by Jorbantar's ghost

Vault maps used:
D:1:      lemuel_arrival_tunnels
D:2:      grunt_temple_overflow_forces_of_nature, uniq_natasha, uniq_terence
D:3:      led_sif_pool, overflow_temple_1_default, nemelex_altar_shiori,
          first_bread, kennysheep_cross_room, uniq_robin
D:4:      hangedman_feature_mirror, kennysheep_windowed_goal
D:5:      nicolae_overflow_hidden_temple, nicolae_overflow_crystal_walls,
          uniq_crazy_yiuf_cottage, uniq_menkaure
D:6:      temple_pool_b, uniq_grinder
D:7:      zin_treasury, the_bakery, serial_park_tiny_1, bh_walls_and_bars,
          uniq_pikel
D:8:      lemuel_crystal_altar
D:9:      nicolae_ru_awakened_eye, minmay_lair_entry_grove
Temple:   minmay_temple_forest_path

Skill      XL: |  1  2  3  4  5  6  7  8  9 |
---------------+----------------------------+-----
Hexes          | 3 |  3.0
Fighting       | 2 3 4 5 7 8 10 | 10.0
Maces & Flails | 1 2 4 6 8 9 |  9.7
Throwing       | |  2.0
Dodging        | |  1.7
Spellcasting   | |  1.2

Action                   |  1- 3 |  4- 6 |  7- 9 || total
-------------------------+-------+-------+-------++-------
Melee: Unarmed           |    79 |       |       ||    79
       Whip              |    77 |   294 |    38 ||   409
       Giant spiked club |       |       |   249 ||   249
Throw: Large rock        |    15 |    18 |    22 ||    55
       Throwing net      |     2 |       |       ||     2
       Stone             |       |     4 |     2 ||     6
 Cast: Corona            |     6 |    20 |    22 ||    48
  Use: Scroll            |     3 |     3 |     8 ||    14
       Potion            |       |       |     8 ||     8
 Stab: Sleeping          |     1 |     1 |     4 ||     6
  Eat: Chunk             |     3 |     7 |     4 ||    14
       Fruit             |       |     2 |       ||     2
       Meat ration       |       |       |     1 ||     1
       Bread ration      |       |       |     2 ||     2
       Royal jelly       |       |       |     1 ||     1
Armor: Robe              |    70 |    87 |   153 ||   310
Dodge: Dodged            |   144 |   141 |   202 ||   487

Table legend:
 A = Spawn XP
 B = Non-spawn XP
 C = Spawn XP percentage of total XP
 D = Spawn monster count
 E = Non-spawn monster count
 F = Spawn count percentage of total count
 G = Total turns spent on level
                    A         B        C        D         E        F      G
               +---------+---------+-------+---------+---------+-------+---------
         Total |       0 |    4177 |   0.0 |       0 |     149 |   0.0 | 10183
               +---------+---------+-------+---------+---------+-------+---------
           D:1 |       0 |      47 |   0.0 |       0 |      23 |   0.0 |  1621
           D:2 |       0 |     107 |   0.0 |       0 |       9 |   0.0 |   856
           D:3 |       0 |     300 |   0.0 |       0 |      41 |   0.0 |  2239
           D:4 |       0 |     427 |   0.0 |       0 |      22 |   0.0 |  2156
           D:5 |       0 |     918 |   0.0 |       0 |      14 |   0.0 |   940
           D:6 |       0 |    1056 |   0.0 |       0 |      16 |   0.0 |  1088
           D:7 |       0 |    1114 |   0.0 |       0 |      21 |   0.0 |   721
           D:8 |       0 |       1 |   0.0 |       0 |       1 |   0.0 |    19
           D:9 |       0 |     207 |   0.0 |       0 |       2 |   0.0 |   381
               +---------+---------+-------+---------+---------+-------+---------
